 Dungeon Crawl Stone Soup version 0.23-a0-494-g91793a9 (webtiles) character file.

655 emperorscorpion the Ruffian (level 7, -5/68 HPs)
             Began as a Troll Berserker on Dec 4, 2018.
             Was a Priest of Trog.
             Splashed by a jelly's acid (8 damage)
             ... on level 5 of the Dungeon.
             The game lasted 00:04:57 (2652 turns).

emperorscorpion the Ruffian (Troll Berserker)       Turns: 2652, Time: 00:04:58

Health: -5/68      AC:  1    Str: 28    XL:     7   Next: 29%
Magic:  6/6        EV: 11    Int:  3    God:    Trog [***...]
Gold:   138        SH:  0    Dex:  9    Spells: 6/6 levels left

rFire    . . .     SeeInvis .     - Unarmed
rCold    . . .     Gourm    +   (no shield)
rNeg     . . .     Faith    .   a - +0 animal skin
rPois    .         Spirit   .   (helmet restricted)
rElec    .         Reflect  .   (no cloak)
rCorr    .         Harm     .   (gloves unavailable)
MR       .....                  (boots unavailable)
Stlth    +.........             (no amulet)
HPRegen  0.61/turn              (no ring)
MPRegen  0.10/turn              (no ring)

@: lethally poisoned (-5 -> -6), corroded, berserk cooldown, slowed, very slow
A: large, unfitting armour, claws 3, fast metabolism 3, gourmand, regeneration
1, shaggy fur 1, tough skin 2
a: Berserk, Trog's Hand, Renounce Religion


You were on level 5 of the Dungeon.
You worshipped Trog.
Trog was most pleased with you.
You were very full.

You visited 1 branch of the dungeon, and saw 5 of its levels.

You collected 138 gold pieces.

Inventory:

Missiles
 o - a throwing net (quivered)
 t - 19 poisoned needles
 w - 2 curare-tipped needles
Armour
 a - a +0 animal skin (worn)
Jewellery
 f - an uncursed ring of protection from magic {unknown}
Wands
 u - a wand of clouds (4)
 v - a wand of flame (16)
Scrolls
 d - a scroll of identify {unknown}
 e - a scroll of teleportation {unknown}
 h - a scroll of enchant weapon {unknown}
 j - a scroll of amnesia {unknown}
 n - 2 scrolls of remove curse {unknown}
 p - a scroll of magic mapping {unknown}
 r - a scroll of noise {unknown}
Potions
 c - a potion of cancellation {unknown}
 g - a potion of curing {unknown}
 i - 2 potions of resistance {unknown}
 k - a potion of haste {unknown}
 l - a potion of agility {unknown}
 m - a potion of might {unknown}
 s - 2 potions of heal wounds {unknown}
Comestibles
 b - 5 rations
 q - 6 chunks of flesh


   Skills:
 + Level 3.7 Fighting
 + Level 4.1 Dodging
 + Level 0.3 Stealth
 + Level 6.5 Unarmed Combat


You had 6 spell levels left.
You didn't know any spells.
Your spell library was empty.

Dungeon Overview and Level Annotations

Branches:
Dungeon (4/15)
 Temple: D:4-7

Altars:
Wu Jian

Annotations:
D:4 Blork the orc, Pikel


Innate Abilities, Weirdness & Mutations

You are too large for most types of armour.
You have claws for hands.
Your metabolism is lightning-fast.
You like to eat raw meat.
Your natural rate of healing is unusually fast.
You are covered in fur. (AC +1)
You have very tough skin. (AC +2)


Message History

You feel sick.
You feel sick.
You feel sick. The jelly closely misses you. The jelly hits you.
You are splashed with acid!
The acid burns!
* * * LOW HITPOINT WARNING * * *
You claw the jelly! The acid corrodes you!
Your claws burn!
* * * LOW HITPOINT WARNING * * *
The jelly is almost dead.
The jelly hits you but does no damage.
You scratch the jelly but do no damage. The acid corrodes you!
Your claws burn!
* * * LOW HITPOINT WARNING * * *
The jelly is almost dead.
The jelly hits you.
* * * LOW HITPOINT WARNING * * *
You are splashed with acid!
The acid burns!
* * * LOW HITPOINT WARNING * * *
The jelly hits you.
* * * LOW HITPOINT WARNING * * *
You are splashed with acid!
The acid burns!
You die...

##. ## #.. ##. ...
####.. ##?####
...... ......#
#...#######......#
#....@J)##
###.....#..#
##.......##.#
#..##.##......#
##.#...##..#...#
#....####...##$#
#.#)## #..#....#
#.#.# #J.#####..
#.#.# #.# #.


You could see a jelly.

Vanquished Creatures
  Menkaure (D:4)
  3 slaves
  An ogre (D:5)
  2 centaurs
  A howler monkey (D:4)
  Jessica (D:2)
  2 worker ants
  A hound skeleton (D:2)
  5 adders
  4 gnolls (D:2)
  An ooze (D:1)
  An adder zombie (D:2)
  An adder skeleton (D:2)
  2 worms (D:3)
  A dart slug (D:3)
  6 leopard geckos
  4 orcs (D:3)
  2 bat zombies (D:2)
  3 giant cockroaches
  11 goblins
  4 hobgoblins
  A ball python zombie (D:2)
  7 bats
  6 frilled lizards
  3 kobolds
  A quokka zombie (D:2)
  3 rats
78 creatures vanquished.

Notes
Turn   | Place    | Note
-------+----------+-------------------------------------------
     0 | D:1      | emperorscorpion the Troll Berserker began the quest for the
                  | Orb.
     0 | D:1      | Reached XP level 1. HP: 22/22 MP: 0/0
    83 | D:1      | Reached XP level 2. HP: 29/29 MP: 1/1
   881 | D:2      | Reached XP level 3. HP: 36/36 MP: 2/2
   917 | D:2      | Reached ** piety under Trog
  1177 | D:2      | Reached XP level 4. HP: 44/44 MP: 3/3
  1179 | D:2      | Reached skill level 4 in Unarmed Combat
  1388 | D:2      | Found a faded altar of an unknown god.
  1411 | D:2      | Noticed Jessica
  1422 | D:2      | Killed Jessica
  1422 | D:2      | Reached XP level 5. HP: 30/53 MP: 4/4
  1866 | D:3      | Noticed a centaur
  1880 | D:3      | Killed a centaur
  1947 | D:3      | Found an ornate altar of the Wu Jian Council.
  2003 | D:3      | Reached skill level 5 in Unarmed Combat
  2182 | D:3      | Reached XP level 6. HP: 61/61 MP: 5/5
  2191 | D:3      | Reached *** piety under Trog
  2405 | D:4      | Noticed Pikel
  2405 | D:4      | Noticed a slave
  2405 | D:4      | Noticed a slave
  2405 | D:4      | Noticed a slave
  2405 | D:4      | Noticed a slave
  2416 | D:3      | Killed a slave
  2445 | D:4      | Killed a slave
  2464 | D:4      | Killed a slave
  2472 | D:4      | Noticed Menkaure
  2478 | D:4      | Noticed Blork the orc
  2484 | D:4      | Killed Menkaure
  2615 | D:4      | You fall through a shaft!
  2615 | D:5      | Entered Level 5 of the Dungeon
  2619 | D:5      | Reached skill level 6 in Unarmed Combat
  2619 | D:5      | Reached XP level 7. HP: 67/67 MP: 6/6
  2652 | D:5      | HP: 3/68 [jelly (1)]
  2652 | D:5      | Splashed by a jelly's acid

Vault maps used:
D:1:      tarquinn_simple_flora_water_e, serial_rivers,
          chequers_serial_rivers_large_b, chequers_serial_rivers_large_a,
          chequers_serial_rivers_micro_b, chequers_serial_rivers_small_3,
          chequers_serial_rivers_micro_c, chequers_serial_rivers_small_a
D:2:      first_ration, serial_undead, serial_undead_a, serial_undead_b,
          serial_undead_d, serial_undead_d, chequers_ecumenical_altar_twisty,
          minmay_misc_feat_ornament, uniq_jessica
D:3:      lemuel_crystal_altar, item_on_display_a
D:4:      fedhas_altar_fruit_tree, uniq_pikel, uniq_blork_the_orc, uniq_menkaure
D:5:      kennysheep_steamy, kennysheep_mini_moat, temple_fountains,
          ebering_ghost_reflecting_pool, uniq_edmund

Skill      XL: |  1  2  3  4  5  6 |
---------------+-------------------+-----
Dodging        | 3 4 |  4.1
Unarmed Combat | 4 5 6 |  6.5
Fighting       | 3 |  3.7
Stealth        | |  0.3

Action                   |  1- 3 |  4- 6 |  7- 9 || total
-------------------------+-------+-------+-------++-------
Melee: Unarmed           |    87 |   142 |    10 ||   239
       Punch             |     1 |     2 |       ||     3
Invok: Berserk           |     1 |     1 |     1 ||     3
  Eat: Chunk             |    17 |    15 |       ||    32
Armor: Animal skin       |    37 |    35 |     2 ||    74
Dodge: Dodged            |    56 |    69 |     5 ||   130

Table legend:
 A = Non-vault XP
 B = Vault XP
 C = Vault XP percentage of total XP
 D = Non-vault monster count
 E = Vault monster count
 F = Vault count percentage of total count
                 A         B        C        D         E       F
            +---------+---------+-------+---------+---------+-------
      Total |     710 |     226 |  24.1 |      67 |       8 |  10.7
            +---------+---------+-------+---------+---------+-------
        D:1 |      37 |       0 |   0.0 |      18 |       0 |   0.0
        D:2 |     140 |      54 |  27.8 |      21 |       7 |  25.0
        D:3 |     210 |       0 |   0.0 |      23 |       0 |   0.0
        D:4 |      56 |     172 |  75.4 |       2 |       1 |  33.3
        D:5 |     267 |       0 |   0.0 |       3 |       0 |   0.0
            +---------+---------+-------+---------+---------+-------
